 Dungeon Crawl Stone Soup version 0.31.0-11-ge490571c62 (webtiles) character file.

Game seed: 7426675412343729415

262 qw the Shooter (level 5, 0/26 HPs)
             Began as a Spriggan Hunter on Feb 4, 2024.
             Was an Initiate of Okawaru.
             Succumbed to a kobold's poison
             ... on level 4 of the Dungeon.
             The game lasted 00:00:09 (2321 turns).

qw the Shooter (Spriggan Hunter)                    Turns: 2321, Time: 00:00:09

Health: 0/26       AC:  2    Str:  7    XL:     5   Next: 97%
Magic:  6/6        EV: 20    Int: 11    God:    Okawaru [......]
Gold:   282        SH:  0    Dex: 20    Spells: 4/4 levels left

rFire   . . .        a - +0 shortbow
rCold   . . .        (shield currently unavailable)
rNeg    . . .        f - +0 robe "Zauff" {Slay+2}
rPois   .            (helmet restricted)
rElec   .            (no cloak)
rCorr   .            (gloves unavailable)
SInv    +            (boots unavailable)
Will    .....        (no amulet)
Stlth   ++           (no ring)
HPRegen 0.24/turn    (no ring)
MPRegen 0.10/turn

%: no passive effects
@: lethally poisoned (0 -> -7), about to teleport, very quick
A: very small, no large weapons, unfitting armour, see invisible, speed 3
a: Renounce Religion


You were on level 4 of the Dungeon.
You worshipped Okawaru.
Okawaru was noncommittal.
You visited 1 branch of the dungeon, and saw 4 of its levels.

You collected 282 gold pieces.


Innate Abilities, Weirdness & Mutations

You are very small and have problems with some larger weapons.
You are too small for most types of armour.
You have supernaturally acute eyesight. (SInv)
You cover ground extremely quickly. (Speed+++)


   Skills:
 - Level 2.1 Fighting
 - Level 6.1 Ranged Weapons
 + Level 5.1 Dodging
 - Level 1.5 Stealth


You had 4 spell levels left.
You didn't know any spells.
Your spell library was empty.

Inventory:

Hand Weapons
 a - a +0 shortbow (weapon)
Armour
 f - the +0 robe "Zauff" (worn) {Slay+2}
   (You found it on level 2 of the Dungeon)

   Slay+2:    It affects your accuracy & damage with ranged weapons and melee
   (+2).
Scrolls
 c - a scroll of teleportation
Potions
 b - a potion of mutation
 d - a potion of invisibility {unknown}
 e - 2 potions of curing
 g - a potion of heal wounds {unknown}
 i - a potion of cancellation {unknown}
 j - a potion of resistance {unknown}

Dungeon Overview and Level Annotations

Branches:
Dungeon (4/15)
 Temple: D:4-7

Altars:
Okawaru

Annotations:
D:4 Pikel


Message History

Pikel is moderately wounded.
You shoot an arrow.
The arrow hits Pikel but does no damage.
Pikel is moderately wounded.
Pikel hits you with a +0 whip of flaming!
Pikel burns you.
Enter note:
2312 ||| RETREEEEATING.
Pikel attacks as he pursues you! Pikel barely misses you.
Enter note:
2313 ||| RETREEEEATING.
2314 ||| FLEEEEING.
A kobold comes into view.
It is wielding a +0 dagger and quivering poisoned darts.
Enter note:
2315 ||| RETREEEEATING.
Enter note:
2316 ||| RETREEEEATING.
Pikel attacks as he pursues you! Pikel completely misses you.
Enter note:
2317 ||| RETREEEEATING.
The lemure misses you.
Enter note:
2318 ||| RETREEEEATING.
You shoot an arrow. The kobold shouts!
The arrow hits Pikel!
Pikel is heavily wounded.
The kobold throws a poisoned dart.
The poisoned dart hits you!
You are poisoned.
Pikel completely misses you.
You shoot an arrow. The arrow hits Pikel.
Pikel is heavily wounded.
You feel very sick. The lemure barely misses you.
Pikel hits you with a +0 whip of flaming.
Pikel burns you.
2321 ||| READING 2 scrolls of teleportation.
As you read the scroll of teleportation, it crumbles to dust.
You feel strangely unstable.
You die...

............#.## ##.#......
.........#....)## #..#......
.........#......# #.........
.........##.....###.........
..<......###.....#.>...####.
.........# #......#)..## ##
........># ##....###...##
.........###K55...###...#
.........#.@5#...## ##K.##
.....K.....###..%# ##5.##
.....## ##..# #...## ...#
#..# #####55.# #.
.............. #
..............
.............. ......5...
..........


You could see Pikel, 3 lemures and a kobold.

Vanquished Creatures
  Menkaure (D:4)
  A bombardier beetle (D:4)
  3 gnolls (D:2)
  2 adders
  4 dart slugs
  A ribbon worm (D:2)
  6 bats
  3 endoplasms
  3 giant cockroaches (D:1)
  8 goblins
  5 hobgoblins
  4 kobolds
  A quokka (D:2)
  8 ball pythons
  3 rats
53 creatures vanquished.

Notes
Turn   | Place    | Note
-------+----------+-------------------------------------------
     0 | D:1      | qw the Spriggan Hunter began the quest for the Orb.
     0 | D:1      | Reached XP level 1. HP: 10/10 MP: 2/2
     0 | D:1      | 0 ||| qw: Version: 0.3-a-160-g6735b56
     0 | D:1      | 0 ||| qw: Game counter: 4894
     0 | D:1      | 0 ||| qw: Melee chars always use a shield: true
     0 | D:1      | 0 ||| qw: God list: Okawaru
     0 | D:1      | 0 ||| qw: Allow faded altars: false
     0 | D:1      | 0 ||| qw: Do Orc after clearing Dungeon:15 true
     0 | D:1      | 0 ||| qw: Do second Lair branch before Depths: true
     0 | D:1      | 0 ||| qw: Lair rune preference: random
     0 | D:1      | 0 ||| qw: Goals: Normal
     0 | D:1      | 0 ||| PLANNING D:1-11
    81 | D:1      | Reached skill level 3 in Dodging
   193 | D:1      | Reached XP level 2. HP: 14/14 MP: 3/3
   712 | D:1      | 712 ||| READING scroll labelled SOZERA TIECRORCH.
   713 | D:1      | 713 ||| READING scroll labelled DOVITI LIEJ.
   713 | D:1      | 713 ||| IDENTIFYING viscous orange potion
   714 | D:1      | 714 ||| DROPPING scroll of butterflies.
   745 | D:2      | Reached XP level 3. HP: 18/18 MP: 4/4
   871 | D:2      | Found an iron altar of Okawaru.
   872 | D:2      | 872 ||| PLANNING OKAWARU WORSHIP
   877 | D:2      | 877 ||| READING scroll labelled BAARGH GAOLOQ.
   889 | D:2      | Became a worshipper of Warmaster Okawaru
   890 | D:2      | 890 ||| PLANNING D:1-11
   944 | D:2      | Identified the +0 robe "Zauff" {Slay+2}
   984 | D:2      | Reached skill level 5 in Ranged Weapons
  1001 | D:2      | Reached XP level 4. HP: 22/22 MP: 5/5
  1101 | D:2      | Found a faded altar of an unknown god.
  1233 | D:2      | 1233 ||| UPGRADING to +0 robe "Zauff" {Slay+2}.
  1243 | D:2      | 1243 ||| DROPPING +0 robe.
  2090 | D:3      | 2090 ||| READING scroll of identify.
  2090 | D:3      | 2090 ||| IDENTIFYING sedimented white potion
  2091 | D:3      | 2091 ||| READING scroll labelled PEUM HO SOWE.
  2147 | D:4      | Reached XP level 5. HP: 25/26 MP: 6/6
  2157 | D:4      | Noticed Menkaure
  2170 | D:4      | Killed Menkaure
  2171 | D:4      | Reached skill level 6 in Ranged Weapons
  2288 | D:4      | Noticed a lemure
  2289 | D:4      | Noticed Pikel
  2292 | D:4      | Noticed a lemure
  2292 | D:4      | Noticed a lemure
  2293 | D:4      | 2293 ||| RETREEEEATING.
  2295 | D:4      | 2295 ||| RETREEEEATING.
  2296 | D:4      | 2296 ||| RETREEEEATING.
  2298 | D:4      | 2298 ||| RETREEEEATING.
  2300 | D:4      | 2300 ||| RETREEEEATING.
  2301 | D:4      | 2301 ||| RETREEEEATING.
  2302 | D:4      | 2302 ||| RETREEEEATING.
  2303 | D:4      | 2303 ||| RETREEEEATING.
  2304 | D:4      | 2304 ||| RETREEEEATING.
  2312 | D:4      | 2312 ||| RETREEEEATING.
  2313 | D:4      | 2313 ||| RETREEEEATING.
  2314 | D:4      | 2314 ||| FLEEEEING.
  2315 | D:4      | 2315 ||| RETREEEEATING.
  2316 | D:4      | 2316 ||| RETREEEEATING.
  2317 | D:4      | 2317 ||| RETREEEEATING.
  2318 | D:4      | 2318 ||| RETREEEEATING.
  2320 | D:4      | HP: 3/26 [Pikel/+0 whip of flaming (6)]
  2320 | D:4      | HP: 1/26 [Pikel/+0 whip of flaming (2)]
  2321 | D:4      | 2321 ||| READING 2 scrolls of teleportation.
  2321 | D:4      | Succumbed to a kobold's poison

Levels and vault maps discovered:
D:1:      amcnicky_arrival_blooded_trapdoor, layout_basic, amethyst_killhole
D:2:      layout_rooms, hellmonk_ecumenical_altar_prayer_group, basic_altar
D:3:      layout_basic, serial_park_tiny_pond
D:4:      lemuel_castle_with_subvaults [lemuel_castle_interior_carwin_3],
          layout_cave_pods, uniq_menkaure, uniq_pikel

Skill      XL: |  1  2  3  4  5 |
---------------+----------------+-----
Dodging        | 3 4 5 |  5.1
Ranged Weapons | 5 6 |  6.1
Fighting       | 2 |  2.1
Stealth        | |  1.5

Action                     |  1- 3 |  4- 6 || total
---------------------------+-------+-------++-------
   Fire: Shortbow          |   104 |    65 ||   169
    Use: Scroll            |     3 |     3 ||     6
 Armour: Robe              |     6 |     4 ||    10
  Dodge: Dodged            |    27 |    12 ||    39

Table legend:
 A = Non-vault XP
 B = Vault XP
 C = Vault XP percentage of total XP
 D = Non-vault monster count
 E = Vault monster count
 F = Vault count percentage of total count
                 A         B        C        D         E       F
            +---------+---------+-------+---------+---------+-------
      Total |     201 |     174 |  46.4 |      51 |       2 |   3.8
            +---------+---------+-------+---------+---------+-------
        D:1 |      39 |       0 |   0.0 |      20 |       0 |   0.0
        D:2 |      86 |       2 |   2.3 |      19 |       1 |   5.0
        D:3 |      13 |       0 |   0.0 |       7 |       0 |   0.0
        D:4 |      63 |     172 |  73.2 |       5 |       1 |  16.7
            +---------+---------+-------+---------+---------+-------
